Map: Cerulean Fall LE

Players

Ninja

  • Race: Protoss Protoss
  • League: Grandmaster
  • Spawn Location: 1:00

Jason - Winner!

  • Race: Terran Terran
  • League: Grandmaster
  • Spawn Location: 7:00

VOD

Have the link to the VOD?

Description

Time

  • Played on: Dec. 6, 2018, 8:39 p.m.
  • Length: 9:41
Show
View Real Time Build Order
Export as new Build Order

Ninja Protoss 

Build Orders: 1 Gate Expand, Blink Stalkers 

Get SALT Encoding   

  12  0:00  Probe  
  13  0:13  Probe  
  14  0:18  Pylon  
  14  0:24  Probe  
  15  0:32  Probe  
  15  0:38  Gateway  
  15  0:40  Probe  
  16  0:48  Assimilator  
  17  0:51  Probe  
  18  0:59  Probe  
  19  1:07  Probe  
  20  1:27  Cybernetics Core  
  20  1:36  Nexus  
  20  1:39  Probe  
  21  1:44  Pylon  
  21  1:49  Assimilator  
  21  1:52  Probe  
  22  2:06  Adept  
  22  2:08  Probe  
  25  2:13  Warp Gate  
  25  2:20  Probe  
  26  2:23  Twilight Council  
  26  2:32  Probe  
  26  2:33  Stalker  
  29  2:43  Probe  
  29  2:44  Probe  
  31  2:52  Probe  
  31  2:55  Gateway  
  31  2:56  Probe  
  33  3:02  Probe  
  33  3:03  Blink  
  34  3:08  Probe  
  35  3:13  Stalker  
  35  3:14  Probe  
  38  3:20  Probe  
  38  3:24  Probe  
  40  3:31  Robotics Facility  
  40  3:32  Probe  
  40  3:33  Probe  
  41  3:37  Pylon  
  41  3:41  Probe  
  42  3:45  Probe  
  42  3:46  Stalker  
  46  3:55  Probe  
  47  3:57  Probe  
  48  4:04  Nexus  
  48  4:09  Pylon  
  48  4:13  Observer  
  48  4:14  Probe  
  49  4:17  Stalker  
  49  4:19  Pylon  
  49  4:22  Probe  
  53  4:27  Probe  
  53  4:28  Stalker  
  56  4:31  Observer  
  56  4:34  Pylon  
  57  4:42  Adept  
  55  4:48  Probe x2  
  53  4:59  Probe x2  
  51  5:00  Stalker  
  55  5:07  Probe x2  
  57  5:15  Probe x2  
  57  5:17  Probe  
  60  5:21  Forge x2  
  60  5:23  Observer  
  60  5:26  Pylon, Probe x2  
  63  5:29  Probe  
  63  5:34  Probe  
  64  5:35  Stalker  
  64  5:36  Stalker  
  64  5:38  Probe  
  64  5:40  Protoss Ground Weapons Level 1, Protoss Ground Armor Level 1  
  64  5:41  Probe  
  64  5:42  Probe  
  71  5:44  Gateway  
  71  5:45  Gateway  
  71  5:48  Observer  
  71  5:49  Gateway  
  72  5:50  Probe  
  72  5:53  Probe  
  74  6:04  Gateway  
  74  6:05  Charge  
  74  6:06  Pylon  
  74  6:08  Probe  
  75  6:14  Probe x2  
  75  6:17  Pylon  
  77  6:23  Pylon  
  71  6:25  Stalker  
  71  6:26  Stalker  
  71  6:32  Probe  
  71  6:35  Observer  
  69  6:42  Probe  
  69  6:43  Probe  
  70  6:47  Probe  
  70  6:51  Probe  
  72  6:54  Probe  
  72  6:59  Probe  
  72  7:00  Stalker x2, Shield Battery x2  
  79  7:02  Pylon  
  79  7:03  Gateway x2  
  79  7:04  Gateway, Probe  
  79  7:06  Probe  
  81  7:11  Probe  
  81  7:13  Zealot x3  
  88  7:16  Probe  
  88  7:17  Zealot  
  91  7:23  Warp Prism  
  91  7:26  Probe  
  91  7:27  Zealot x2, Observer  
  98  7:35  Zealot x3  
  104  7:56  Zealot x6  
  101  8:13  Zealot  
  101  8:14  Zealot x2  
  101  8:19  Zealot x4  
  87  8:25  Zealot x4  
  93  8:33  Probe x3  
  96  8:36  Assimilator  
  96  8:40  Assimilator  
  96  8:41  Pylon  
  96  8:43  Observer x2  
  96  8:45  Probe  
  96  8:47  Zealot x3, Nexus  
  104  8:48  Pylon  
  104  8:58  Zealot x5  
  114  9:05  Observer  
  114  9:08  Zealot x4  
Show
View Real Time Build Order
Export as new Build Order

Jason Terran - Winner!

Build Orders: Gas First Reaper Expand 

Get SALT Encoding   

  12  0:01  SCV  
  13  0:13  SCV  
  14  0:18  Supply Depot  
  14  0:25  SCV  
  15  0:28  Refinery  
  15  0:40  SCV  
  16  0:48  Barracks  
  16  0:52  SCV  
  17  1:04  SCV  
  18  1:17  SCV  
  19  1:36  Reaper, Orbital Command  
  20  1:54  Command Center  
  20  2:03  Factory  
  20  2:05  SCV  
  21  2:11  Barracks Reactor  
  21  2:17  SCV  
  21  2:21  Supply Depot  
  22  2:27  Refinery  
  22  2:29  SCV  
  23  2:42  SCV  
  24  2:47  Marine  
  24  2:48  Marine  
  24  2:49  Hellion  
  28  2:53  Starport  
  28  2:56  SCV  
  29  3:06  Orbital Command  
  29  3:08  Marine  
  29  3:10  Marine  
  31  3:16  Widow Mine  
  31  3:18  SCV  
  34  3:29  Medivac  
  34  3:31  Marine x2, SCV  
  39  3:35  SCV  
  39  3:39  Supply Depot  
  39  3:41  Factory Tech Lab  
  40  3:46  SCV  
  40  3:48  SCV  
  42  3:50  Marine  
  42  3:51  Marine  
  44  3:58  SCV  
  44  4:00  SCV  
  46  4:09  Factory Tech Lab  
  46  4:10  Marine x2, SCV  
  46  4:12  Banshee, Cloaking Field, SCV  
  53  4:17  Supply Depot  
  53  4:27  SCV  
  54  4:35  Marine  
  54  4:38  Marine  
  54  4:39  Siege Tank  
  54  4:44  SCV  
  57  4:48  Barracks  
  57  4:50  Barracks  
  55  4:58  Marine x2  
  55  4:59  Banshee  
  56  5:00  SCV x2  
  56  5:05  Engineering Bay  
  56  5:06  Refinery  
  58  5:12  SCV  
  58  5:13  Supply Depot  
  59  5:16  Siege Tank  
  62  5:25  Supply Depot  
  62  5:31  Supply Depot  
  62  5:35  Marine x2, SCV x2  
  66  5:36  Missile Turret  
  66  5:47  SCV x2  
  66  5:49  Starport Reactor  
  68  5:51  Marauder, Stimpack  
  68  5:54  Marauder, Marine x2  
  74  5:59  SCV x2  
  74  6:02  Command Center  
  76  6:06  Combat Shield  
  76  6:07  Factory Reactor  
  76  6:11  SCV  
  76  6:16  Marauder, Marine, Barracks  
  76  6:17  Barracks  
  80  6:25  SCV  
  81  6:31  Marine, Marauder  
  84  6:34  Marine  
  85  6:42  Supply Depot, Refinery  
  85  6:45  Medivac x2, Supply Depot  
  86  6:55  Terran Infantry Weapons Level 1  
  86  7:04  Marauder, Marine x3, Widow Mine, SCV  
  86  7:05  Barracks Tech Lab  
  86  7:06  Barracks Reactor  
  86  7:07  Widow Mine, SCV  
  97  7:10  Supply Depot  
  97  7:12  Supply Depot  
  97  7:14  Orbital Command  
  97  7:22  Marauder  
  99  7:24  SCV  
  99  7:25  Concussive Shells  
  99  7:26  Marauder, Widow Mine  
  99  7:28  Widow Mine  
  99  7:29  Marine  
  106  7:30  Marauder, Marine  
  106  7:35  Medivac x2  
  114  7:44  Marine  
  114  7:45  Marine, Marauder  
  114  7:47  Marine, Marauder  
  114  7:48  Marine, Widow Mine  
  114  7:50  Widow Mine  
  126  7:56  Marine  
  124  8:07  Liberator  
  124  8:09  Widow Mine  
  114  8:17  Marauder, Marine  
  114  8:18  Marine, Widow Mine  
  103  8:21  Marine  
  103  8:22  Marine x2  
  103  8:23  Marauder  
  104  8:27  Orbital Command  
  104  8:28  SCV x2  
  104  8:31  Widow Mine  
  108  8:34  Marine  
  108  8:36  Marine  
  108  8:39  Marine, Marauder  
  108  8:40  Marine  
  108  8:41  Marauder  
  116  8:43  SCV x2  
  116  8:47  Widow Mine  
  120  8:54  SCV  
  121  8:55  SCV  
  121  8:56  SCV  
  121  8:58  Armory  
  121  9:00  Marine x2, Engineering Bay  
  125  9:02  Marine  
  125  9:03  Marine  
  125  9:05  Widow Mine  
  125  9:06  SCV  
  125  9:08  SCV x2  
  132  9:12  Marine  
  132  9:16  Supply Depot  
  133  9:18  Supply Depot  
  133  9:22  Marine, SCV  
  133  9:23  SCV  
Tags
 
Add a new tag
Caveats
  • Supply blocks, unpowered buildings, or Contaminate may cause inaccurate times.
  • Supply counts are checked every 10 seconds.